Map: Black Site 2E

Players

Yata

  • Race: Zerg Zerg
  • League: Gold
  • Spawn Location: 3:00

Myhome

  • Race: Terran Terran
  • League: Diamond
  • Spawn Location: 5:00

SHreddedWInd

  • Race: Protoss Protoss
  • Spawn Location: 6:00

EatOrSleep

  • Race: Terran Terran
  • Spawn Location: 12:00

WillyG

  • Race: Protoss Protoss
  • Spawn Location: 11:00

iggie

  • Race: Terran Terran
  • Spawn Location: 9:00

VOD

Have the link to the VOD?

Description

Time

  • Played on: Sept. 1, 2017, 12:12 a.m.
  • Length: 24:27
Show
View Real Time Build Order
Export as new Build Order

Yata Zerg 

Build Orders: Hatch First 

Get SALT Encoding   

  12  0:01  Drone  
  13  0:13  Overlord  
  13  0:19  Drone  
  14  0:31  Drone x2  
  14  0:35  Drone  
  17  0:54  Hatchery  
  17  0:57  Drone  
  17  1:00  Drone  
  18  1:10  Extractor  
  18  1:11  Drone  
  18  1:19  Spawning Pool  
  18  1:22  Drone  
  18  1:29  Drone  
  19  1:48  Drone  
  19  1:50  Drone  
  21  2:00  Overlord  
  21  2:10  Queen x2  
  21  2:12  Zergling x4  
  21  2:13  Metabolic Boost  
  27  2:18  Drone  
  27  2:22  Drone  
  29  2:27  Drone  
  30  2:34  Drone  
  31  2:38  Overlord  
  31  2:51  Zergling x4  
  33  3:03  Lair  
  33  3:05  Drone x3  
  36  3:08  Queen  
  39  3:12  Drone  
  39  3:15  Overlord  
  39  3:20  Drone x3  
  39  3:21  Drone x2  
  44  3:34  Overlord  
  44  3:35  Overlord x2  
  44  3:41  Extractor  
  43  3:46  Extractor  
  42  4:02  Hatchery  
  41  4:13  Spire  
  40  4:25  Zergling x2  
  40  4:26  Zergling x16, Evolution Chamber  
  48  4:38  Queen  
  48  4:39  Queen  
  48  4:44  Infestation Pit  
  51  4:52  Spore Crawler  
  50  4:53  Spore Crawler  
  50  4:55  Zerg Melee Weapons Level 1  
  49  5:27  Mutalisk  
  49  5:28  Mutalisk  
  53  5:33  Extractor  
  52  5:36  Drone x5  
  52  5:37  Drone x6  
  52  5:38  Drone x4  
  67  5:54  Drone x4  
  67  5:55  Drone  
  72  6:11  Overseer  
  72  6:19  Hive  
  72  6:27  Drone  
  72  6:28  Drone  
  72  6:30  Overlord x4  
  74  6:53  Zergling x2  
  74  6:54  Zergling x26  
  75  7:32  Mutalisk  
  75  7:33  Mutalisk x9  
  95  7:44  Baneling Nest  
  95  7:46  Extractor  
  95  7:47  Extractor, Drone x3  
  95  7:48  Drone  
  95  7:49  Drone x2  
  98  8:00  Greater Spire  
  98  8:14  Overlord x3  
  98  8:15  Overlord  
  72  9:18  Mutalisk  
  72  9:19  Mutalisk x6  
  84  9:29  Zerg Flyer Weapons Level 1  
  80  9:33  Zergling x2  
  80  9:34  Zergling x10  
  86  9:40  Drone  
  79  10:00  Ultralisk Cavern  
  79  10:01  Queen  
  79  10:02  Queen  
  79  10:03  Queen  
  76  10:34  Hydralisk Den  
  71  11:22  Ultralisk x4  
  95  11:33  Drone  
  95  11:34  Drone x6  
  95  11:35  Drone x6  
  95  11:36  Drone  
  95  11:38  Drone x3  
  95  11:39  Drone x2  
  114  11:41  Overlord  
  114  11:42  Overlord x4  
  114  11:46  Overseer x2  
  114  11:51  Zerg Ground Armor Level 1  
  114  11:52  Chitinous Plating  
  114  12:03  Zergling x2  
  114  12:04  Zergling x12  
  121  12:12  Ultralisk  
  121  12:15  Zergling x10  
  132  12:28  Zergling x18  
  141  12:30  Overlord  
  141  12:42  Zergling x6  
  144  12:46  Muscular Augments  
  144  12:47  Centrifical Hooks  
  144  12:57  Evolution Chamber  
  142  12:58  Evolution Chamber  
  141  13:09  Pneumatized Carapace  
  141  13:24  Zergling x16  
  141  13:25  Zergling x16  
  157  13:29  Zerg Melee Weapons Level 2  
  157  13:47  Overlord x6  
  157  13:48  Overlord x3  
  111  14:24  Ultralisk x4  
  111  14:25  Ultralisk x2  
  111  14:28  Zergling x2  
  111  14:29  Zergling x8  
  146  14:36  Zerg Ground Armor Level 2  
  146  14:40  Zerg Missile Weapons Level 1  
  146  14:54  Zergling x14  
  153  15:05  Ultralisk  
  159  15:20  Hatchery  
  158  15:31  Zergling x18  
  167  15:47  Zergling x2  
  167  15:48  Zergling x16  
  176  15:50  Zerg Melee Weapons Level 3  
  176  16:01  Roach Warren  
  156  16:22  Zergling x8  
  156  16:23  Zergling x18  
  140  16:51  Zergling x16  
  136  17:12  Ultralisk x4  
  154  17:39  Hydralisk  
  154  17:40  Hydralisk x6  
  165  17:47  Queen  
  131  18:18  Ultralisk  
  113  18:22  Zergling x2  
  113  18:23  Zergling x12  
  120  18:59  Hatchery  
  119  19:18  Zergling x22  
  128  19:41  Ultralisk  
  125  19:58  Hydralisk  
  125  19:59  Hydralisk x2  
  123  20:17  Queen  
  125  20:34  Corruptor  
  122  21:08  Mutalisk  
  122  21:09  Mutalisk x4  
  126  21:35  Mutalisk  
  126  21:36  Mutalisk x3  
  109  22:08  Zergling x2  
  74  22:55  Zergling x2  
Show
View Real Time Build Order
Export as new Build Order

Myhome Terran 

Build Orders: MMM Bio 

Get SALT Encoding   

  12  0:01  SCV  
  13  0:13  SCV  
  14  0:18  Supply Depot  
  14  0:25  SCV  
  15  0:39  SCV  
  15  0:41  Barracks  
  16  0:50  Refinery  
  16  0:52  SCV  
  17  1:04  SCV  
  18  1:16  SCV  
  19  1:28  Orbital Command  
  19  1:34  Barracks Reactor  
  19  1:43  Command Center  
  19  1:57  Barracks, SCV  
  20  2:11  Marine x2  
  20  2:12  SCV  
  23  2:18  Factory  
  23  2:30  Supply Depot  
  23  2:43  Barracks Tech Lab  
  23  2:47  Refinery  
  23  2:51  Marine x2  
  23  2:52  SCV  
  23  2:56  Orbital Command  
  26  3:02  Marine  
  26  3:04  SCV, Stimpack  
  28  3:13  Marine  
  28  3:14  Marine  
  28  3:16  SCV  
  31  3:20  Factory Tech Lab  
  31  3:21  SCV  
  31  3:25  Refinery  
  32  3:29  Refinery  
  32  3:33  SCV  
  33  3:35  Starport  
  33  3:37  Marine  
  33  3:38  Marine  
  33  3:39  Marine  
  36  3:44  SCV  
  37  3:55  Marine  
  37  3:56  Marine, SCV  
  40  4:04  SCV  
  40  4:08  Marine, SCV  
  43  4:10  Barracks  
  43  4:12  Barracks  
  43  4:14  Supply Depot  
  43  4:17  Marine  
  43  4:18  Marine  
  43  4:23  SCV  
  46  4:29  Supply Depot, SCV  
  46  4:30  Marine  
  48  4:34  Medivac, Marine  
  52  4:38  SCV  
  52  4:43  Marine  
  52  4:44  SCV  
  54  4:48  Marine  
  55  5:03  Barracks Reactor x2  
  55  5:04  Marine x2  
  57  5:07  Engineering Bay  
  57  5:09  SCV x2  
  57  5:10  Engineering Bay  
  59  5:16  Marine  
  60  5:21  Marine, SCV x2  
  60  5:26  Marine  
  64  5:32  Supply Depot  
  64  5:33  SCV x2  
  66  5:36  Supply Depot, Terran Infantry Weapons Level 1  
  66  5:39  Terran Infantry Armor Level 1  
  66  5:41  Starport Reactor  
  66  5:42  Marine  
  67  5:43  Marine  
  67  5:46  Combat Shields  
  67  5:49  Marine  
  69  5:51  SCV  
  69  5:54  SCV  
  71  5:58  Supply Depot  
  71  5:59  Supply Depot  
  71  6:02  Marine x3  
  74  6:13  Marine x3  
  74  6:14  Marine  
  78  6:18  SCV x2  
  78  6:19  Marine  
  78  6:20  Marine  
  82  6:27  Marine  
  82  6:30  SCV x2  
  82  6:31  Marine x2  
  87  6:33  Missile Turret  
  87  6:34  Barracks  
  87  6:36  Missile Turret  
  87  6:37  Marine  
  88  6:41  Marine x2  
  90  6:53  Marine x4  
  94  6:55  Marine  
  94  6:59  Marine  
  90  7:02  Marine  
  90  7:03  SCV  
  90  7:04  SCV  
  91  7:10  Marine  
  91  7:11  Supply Depot, Marine x2  
  94  7:16  Supply Depot  
  94  7:17  Marine  
  94  7:18  Marine x2  
  94  7:22  Missile Turret  
  97  7:30  Armory, Marine x4  
  97  7:31  Marine  
  97  7:32  SCV x2  
  104  7:37  Marine x3  
  107  7:48  Marine x5  
  107  7:50  Medivac x2  
  116  7:55  Marine x2  
  118  8:05  Supply Depot  
  118  8:07  Supply Depot  
  118  8:09  Supply Depot  
  118  8:13  Barracks Reactor  
  118  8:20  Terran Infantry Weapons Level 2  
  118  8:22  Terran Infantry Armor Level 2  
  118  8:26  Marine x7  
  125  8:31  Supply Depot  
  125  8:44  Marine x4, Command Center  
  129  9:03  Marine x3  
  129  9:04  Marine x6  
  129  9:06  Medivac  
  129  9:07  Medivac  
  142  9:21  Marine x4  
  142  9:22  Marine x2  
  148  9:27  Marine x2  
  150  9:34  Marine  
  133  9:49  Marine x2  
  133  9:50  Marine  
  123  10:01  Marine x4  
  123  10:06  Marine x2  
  114  10:07  Marine x2  
  114  10:08  Marine  
  115  10:19  Marine x4  
  119  10:24  Marine x2  
  119  10:25  Marine x3  
  104  10:36  Marine x2  
  104  10:37  Marine x2  
  104  10:39  Barracks x2  
  104  10:42  Marine x2  
  110  10:44  Command Center  
  110  10:52  Marine x3  
  113  10:59  Marine x4  
  117  11:11  Marine x4  
  117  11:12  Marine  
  122  11:18  Marine  
  122  11:19  Marine x3  
  126  11:29  Marine x3  
  112  11:48  Marine x3  
  112  11:49  Marine x3  
  117  11:57  Marine x3  
  118  12:06  Marine x2, Orbital Command  
  120  12:17  Orbital Command  
  103  12:39  Marine x4  
  103  12:40  Marine x5  
  103  12:41  SCV x2  
  103  12:42  SCV  
  103  12:43  SCV  
  116  12:47  Refinery  
  116  12:48  Terran Infantry Weapons Level 3  
  116  12:49  Refinery  
  116  12:53  Barracks Reactor x2  
  116  12:57  Marine  
  117  13:00  Refinery  
  117  13:01  Refinery  
  117  13:05  Missile Turret  
  117  13:06  Missile Turret  
  117  13:07  Missile Turret  
  117  13:09  Marine x3  
  117  13:11  Missile Turret x2  
  117  13:12  Missile Turret  
  120  13:13  Missile Turret  
  120  13:14  Marine x2  
  120  13:15  Marine x2  
  120  13:16  Marine x2  
  125  13:33  Missile Turret  
  125  13:34  Missile Turret  
  125  13:35  SCV x2  
  125  13:36  SCV, Missile Turret  
  125  13:39  Marine x4, Missile Turret  
  125  13:40  Missile Turret  
  128  13:54  Marine x4  
  128  13:55  Marine x5  
  135  13:57  Marine x4  
  134  14:12  Marine x5  
  134  14:13  Marine  
  139  14:18  Marine x2  
  139  14:19  Marine x3  
  132  14:32  Marine x4  
  134  14:46  Medivac x2  
  135  15:00  Marine x4  
  135  15:04  Orbital Command  
  126  15:16  Medivac x2  
  84  15:25  Marine x2  
  84  15:26  Marine  
  79  15:29  SCV  
  79  15:30  SCV x2  
  82  15:41  Marine x6  
  88  15:45  Marine x2  
  88  15:46  Medivac x2, Marine x5  
  99  15:59  Marine x6  
  99  16:03  Marine x3  
  99  16:04  Marine x4  
  112  16:16  Medivac x2, Marine  
  117  16:42  Marine x4  
  117  16:43  Marine x7  
  117  16:44  Marine  
  117  16:47  Marine  
  114  16:49  Medivac x2  
  119  17:00  Marine x6  
  119  17:01  Marine x6  
  112  17:04  Refinery, Marine  
  112  17:05  Refinery  
  118  17:18  Marine x7  
  123  17:22  Medivac  
  123  17:23  Medivac  
  123  17:45  Marine  
  123  17:46  Marine x3  
  127  17:58  Marine x5  
  123  18:12  Marine x8  
  120  18:15  Marine  
  120  18:16  Marine x4  
  108  18:29  Marine x6, SCV x2  
  108  18:30  Marine x2, SCV  
  108  18:33  Marine x2  
  108  18:34  Marine x3  
  121  18:42  Command Center  
  121  18:47  Marine x3  
  114  18:55  Marine x3  
  114  18:56  Marine  
  97  19:17  Marine x7  
  101  19:36  Marine  
  101  19:37  Marine x5  
  83  19:56  Marine x3  
  83  19:57  Marine x3  
  83  19:58  Marine x4  
  83  19:59  Marine  
  86  20:04  Marine  
  86  20:05  Marine  
  70  20:14  Marine x4  
  70  20:15  Marine x2  
  70  20:16  Marine x2  
  70  20:19  Marine x2  
  39  20:58  Marine x4  
  39  21:03  Marine x4  
  39  21:04  Marine x4  
  48  21:08  Marine  
  50  21:21  Marine x2  
  52  21:44  Marine x3  
  53  22:00  Marine x2  
  53  22:01  Marine  
  55  22:14  Marine  
  56  22:16  Marine  
  35  22:30  Marine  
Show
View Real Time Build Order
Export as new Build Order

SHreddedWInd Protoss 

Build Orders:  

Get SALT Encoding   

  12  0:03  Probe (Chrono Boost)  
  13  0:15  Probe (Chrono Boost)  
  14  0:22  Pylon  
  14  0:25  Probe (Chrono Boost)  
  15  0:40  Probe (Chrono Boost)  
  16  0:42  Gateway  
  16  0:44  Assimilator  
  16  0:51  Probe (Chrono Boost)  
  17  1:02  Probe (Chrono Boost)  
  18  1:13  Probe (Chrono Boost)  
  19  1:21  Pylon  
  19  1:23  Probe (Chrono Boost)  
  20  1:29  Cybernetics Core  
  20  1:33  Assimilator  
  20  1:34  Probe (Chrono Boost)  
  21  1:46  Probe (Chrono Boost)  
  22  1:56  Probe (Chrono Boost)  
  23  2:09  Warp Gate, Adept  
  23  2:12  Mothership Core (Chrono Boost)  
  27  2:20  Gateway  
  27  2:22  Pylon  
  27  2:32  Probe (Chrono Boost)  
  28  2:43  Probe (Chrono Boost)  
  28  2:51  Nexus  
  28  3:19  Nexus  
  28  3:26  Probe (Chrono Boost)  
  29  3:30  Stargate  
  29  3:36  Probe (Chrono Boost)  
  30  4:02  Pylon  
  30  4:08  Probe (Chrono Boost)  
  31  4:11  Assimilator  
  31  4:14  Oracle (Chrono Boost)  
  31  4:16  Assimilator, Probe (Chrono Boost)  
  34  4:19  Probe  
  36  4:27  Probe  
  36  4:31  Pylon, Probe  
  38  4:33  Adept x2  
  38  4:35  Probe  
  43  4:38  Probe  
  43  4:43  Probe  
  43  4:45  Probe  
  37  5:03  Probe  
  37  5:04  Probe  
  39  5:14  Probe  
  39  5:16  Probe  
  41  5:21  Adept x2  
  41  5:25  Void Ray (Chrono Boost)  
  41  5:26  Probe  
  41  5:27  Protoss Air Weapons Level 1, Probe  
  50  5:35  Gateway  
  51  5:36  Probe  
  51  5:41  Probe  
  53  5:47  Probe  
  54  5:50  Probe  
  54  5:52  Stargate  
  54  5:53  Probe  
  56  5:57  Adept, Probe  
  56  6:00  Probe  
  60  6:07  Void Ray (Chrono Boost)  
  60  6:08  Probe  
  60  6:10  Probe  
  60  6:11  Probe  
  67  6:25  Probe  
  67  6:28  Assimilator  
  67  6:31  Assimilator  
  68  6:33  Fleet Beacon  
  68  6:35  Stargate  
  65  6:42  Probe  
  65  6:44  Probe  
  67  6:47  Probe  
  67  6:53  Probe  
  68  6:55  Probe  
  68  7:00  Probe  
  71  7:09  Adept x3  
  71  7:13  Void Ray (Chrono Boost)  
  81  7:17  Probe  
  81  7:18  Probe  
  83  7:29  Probe x2  
  84  7:34  Pylon  
  84  7:35  Pylon  
  84  7:36  Pylon  
  85  7:37  Pylon  
  85  7:40  Protoss Air Weapons Level 2 (Chrono Boost)  
  85  7:43  Cybernetics Core  
  85  7:50  Probe  
  85  7:51  Carrier (Chrono Boost)  
  85  7:53  Carrier (Chrono Boost)  
  85  7:54  Carrier (Chrono Boost)  
  85  7:55  Pylon  
  104  8:02  Probe  
  105  8:14  Probe  
  106  8:23  Protoss Air Armor Level 1  
  106  8:25  Graviton Catapult  
  106  8:30  Nexus  
  106  8:33  Pylon  
  106  8:47  Stalker x3  
  112  9:01  Stargate  
  112  9:03  Pylon  
  112  9:06  Stargate  
  112  9:13  Stalker x2  
  112  9:14  Stalker  
  124  9:22  Carrier (Chrono Boost)  
  124  9:23  Carrier (Chrono Boost)  
  136  9:33  Pylon  
  136  9:35  Pylon  
  136  9:42  Carrier (Chrono Boost)  
  148  9:53  Carrier (Chrono Boost)  
  148  9:54  Protoss Air Weapons Level 3 (Chrono Boost)  
  148  10:06  Void Ray (Chrono Boost)  
  152  10:07  Stalker  
  152  10:08  Stalker  
  156  10:29  Protoss Air Armor Level 2 (Chrono Boost)  
  156  10:36  Carrier  
  162  10:42  Carrier  
  162  10:44  Carrier  
  169  11:02  Carrier  
  123  11:26  Stalker x3  
  123  11:29  Carrier  
  135  11:33  Probe  
  135  11:38  Mothership Core  
  138  11:43  Probe  
  139  11:51  Stalker x3  
  145  11:54  Probe  
  146  12:02  Carrier (Chrono Boost)  
  146  12:04  Probe  
  159  12:15  Probe  
  159  12:17  Carrier (Chrono Boost)  
  166  12:29  Protoss Air Armor Level 3 (Chrono Boost)  
  166  12:30  Robotics Facility  
  166  12:32  Carrier (Chrono Boost)  
  172  12:48  Forge  
  172  13:16  Pylon  
  172  13:17  Pylon  
  172  13:18  Pylon  
  172  13:20  Pylon  
  179  13:34  Carrier (Chrono Boost), Observer  
  179  13:35  Carrier (Chrono Boost)  
  179  13:36  Protoss Shields Level 1 (Chrono Boost), Carrier (Chrono Boost)  
  164  13:55  Observer  
  164  13:58  Carrier  
  164  13:59  Carrier  
  160  14:08  Probe  
  172  14:20  Probe  
  167  14:32  Probe  
  158  15:25  Nexus  
  158  15:37  Carrier  
  158  15:44  Carrier  
  158  15:46  Carrier  
  158  15:48  Carrier x2  
  189  15:58  Assimilator  
  189  16:00  Assimilator  
  189  16:02  Twilight Council  
  182  16:16  Assimilator  
  172  16:19  Assimilator  
  100  17:02  Stargate  
  100  17:04  Stargate  
  100  17:06  Stargate  
  96  17:10  Carrier (Chrono Boost)  
  96  17:13  Carrier (Chrono Boost)  
  105  17:37  Protoss Shields Level 2 (Chrono Boost)  
  103  17:39  Carrier (Chrono Boost)  
  72  18:34  Carrier x2 (Chrono Boost)  
  84  18:50  Carrier (Chrono Boost)  
  84  18:57  Carrier (Chrono Boost)  
  84  19:02  Carrier (Chrono Boost)  
  96  19:04  Nexus  
  102  19:45  Carrier  
  108  20:07  Carrier  
  114  20:34  Carrier  
  84  21:20  Carrier x2 (Chrono Boost)  
  77  21:42  Carrier (Chrono Boost)  
  83  22:01  Carrier (Chrono Boost)  
  95  22:51  Carrier (Chrono Boost)  
Show
View Real Time Build Order
Export as new Build Order

EatOrSleep Terran 

Build Orders: MMM Bio 

Get SALT Encoding   

  12  0:01  SCV  
  13  0:13  SCV  
  14  0:24  Supply Depot  
  14  0:25  SCV  
  15  0:42  Refinery  
  15  0:45  SCV  
  15  0:47  Barracks  
  16  0:57  SCV  
  17  1:09  SCV  
  18  1:21  SCV  
  19  1:33  SCV  
  19  1:37  Command Center  
  19  1:38  Marine  
  21  1:49  Barracks  
  21  1:58  Orbital Command  
  21  2:03  Barracks Reactor  
  21  2:24  Supply Depot  
  21  2:27  SCV  
  22  2:39  SCV  
  23  2:45  Marine x2, Barracks Tech Lab  
  23  2:50  Engineering Bay  
  25  2:54  Refinery  
  25  3:01  Orbital Command  
  25  3:03  Marine x3  
  28  3:07  Stimpack  
  28  3:21  Factory, Marine  
  29  3:34  Marine x2  
  29  3:39  Marine  
  32  3:41  Terran Infantry Weapons Level 1  
  32  3:45  Missile Turret  
  32  3:52  Marine x2  
  32  3:53  Missile Turret  
  34  3:57  Marine  
  35  4:03  SCV x2  
  35  4:06  Factory Reactor  
  37  4:10  Marine x2  
  37  4:15  SCV, Starport  
  40  4:22  Supply Depot  
  40  4:24  Marine  
  40  4:30  Marine  
  42  4:38  Armory  
  42  4:41  SCV  
  42  4:43  Engineering Bay  
  42  4:45  Supply Depot, SCV  
  44  4:49  Widow Mine  
  44  4:50  Widow Mine  
  48  4:53  SCV  
  48  4:57  SCV  
  50  5:00  Medivac  
  50  5:06  Supply Depot  
  52  5:17  Widow Mine  
  52  5:19  Widow Mine  
  52  5:20  Terran Infantry Armor Level 1  
  56  5:29  SCV x2  
  58  5:40  Refinery  
  58  5:41  SCV x2  
  58  5:42  Marine  
  61  5:43  Medivac, Refinery  
  63  5:53  Barracks, Marine x2, SCV x2  
  67  5:59  Marine  
  68  6:05  SCV  
  68  6:11  Marine  
  70  6:34  Supply Depot  
  70  6:54  Marine  
  70  6:56  Viking, Widow Mine x2, Terran Infantry Weapons Level 2  
  70  7:16  Terran Infantry Armor Level 2  
  70  7:18  SCV  
  70  7:19  SCV  
  72  7:26  Viking  
  74  7:31  SCV x2  
  76  7:43  SCV x2  
  78  7:57  Barracks Tech Lab  
  78  8:00  Command Center  
  78  8:01  Starport Reactor  
  78  8:05  Combat Shields  
  78  8:25  Supply Depot  
  78  8:31  SCV  
  78  8:32  SCV  
  77  8:40  Marauder  
  78  8:47  SCV x2, Marine x2, Marauder  
  84  8:49  Supply Depot  
  82  8:56  Widow Mine x2  
  82  8:58  Concussive Shells  
  86  9:08  Supply Depot  
  86  9:11  Medivac x2, SCV x2, Marauder  
  86  9:13  Orbital Command  
  94  9:23  SCV x2  
  96  9:25  Widow Mine  
  96  9:31  Supply Depot  
  96  9:40  Medivac x2  
  96  9:48  Marine x4  
  96  10:06  Marine x4  
  98  10:10  Medivac x2  
  102  10:24  Marine x4  
  106  10:32  SCV  
  106  10:33  SCV x2  
  106  10:34  Widow Mine x2  
  112  10:40  Medivac x2  
  112  10:41  Marine  
  112  10:42  Marine x2, Marauder  
  121  10:43  Terran Infantry Armor Level 3, Terran Infantry Weapons Level 3  
  121  10:45  SCV x3  
  124  10:50  Supply Depot  
  124  10:51  Supply Depot x2  
  124  10:52  Supply Depot  
  124  10:53  Supply Depot  
  125  10:57  SCV  
  125  11:00  Refinery, Barracks  
  125  11:11  Widow Mine, SCV, Marine, Marauder x2  
  125  11:12  Widow Mine, Marine  
  136  11:27  Refinery  
  136  11:33  Marauder  
  136  11:45  Widow Mine x2  
  136  11:50  Barracks  
  134  12:07  Barracks Reactor  
  134  12:13  Widow Mine x2  
  134  12:14  Factory  
  138  12:26  SCV x3  
  141  12:38  Barracks, SCV x3  
  141  12:42  Widow Mine x2  
  141  12:43  Medivac x2  
  152  12:50  SCV x3  
  151  12:59  Barracks  
  151  13:00  Supply Depot  
  151  13:01  Supply Depot x2  
  151  13:02  SCV x3, Missile Turret  
  151  13:03  Command Center  
  154  13:10  Widow Mine x2  
  158  13:13  Medivac x2  
  158  13:14  SCV x2  
  158  13:15  SCV  
  163  13:25  Missile Turret  
  163  13:26  Liberator, SCV  
  163  13:27  SCV x2  
  166  13:29  Missile Turret  
  166  13:37  Barracks Tech Lab  
  166  13:38  Barracks Tech Lab, Starport  
  166  13:43  Medivac  
  166  13:47  Starport  
  171  13:54  Marine x6  
  179  13:55  Liberator, Marauder  
  179  13:57  Marine  
  179  14:01  Marauder  
  182  14:09  Liberator  
  169  14:11  Marine  
  169  14:12  Marine  
  169  14:13  Marauder  
  172  14:18  Planetary Fortress  
  173  14:57  SCV x3  
  173  14:58  Marine x2  
  173  14:59  Marine x3, Marauder x4  
  183  15:09  SCV x2  
  167  15:16  Marine x3  
  167  15:17  Marine x2  
  167  15:20  Marauder x2  
  167  15:21  Marauder x2  
  179  15:28  Refinery  
  171  15:34  Marine x4  
  171  15:35  Marine  
  176  15:41  Marauder  
  176  15:42  Marauder x3  
  183  15:52  Marine x2  
  185  16:03  Marauder x4  
  174  16:20  Marine x2  
  174  16:21  Marine x3  
  174  16:24  Widow Mine x2, Marauder x2  
  174  16:25  Marauder x2  
  178  16:38  Marine x3  
  178  16:39  Marine x2  
  183  16:46  Marauder x4  
  183  16:53  Widow Mine x2  
  187  16:56  Marine x4  
  187  16:57  Marine  
  192  17:07  Marauder x3  
  192  17:08  Marauder  
  189  17:50  Missile Turret  
  189  17:53  Missile Turret  
  187  18:00  Missile Turret  
  187  18:07  Marine  
  187  18:08  Marine x4, Marauder x4  
  115  18:25  Marine x2  
  115  18:26  Marine x3  
  120  18:29  Marauder x2  
  120  18:30  Marauder x2  
  128  18:43  Marine x3  
  128  18:44  Marine x2  
  133  18:51  Marauder x4  
  139  18:59  Widow Mine x2  
  139  19:01  Marine x4  
  139  19:02  Marine  
  146  19:12  Marauder x3  
  146  19:13  Marauder  
  144  19:19  Marine x5  
  149  19:27  Widow Mine  
  149  19:28  Widow Mine  
  153  19:32  Missile Turret  
  153  19:33  Marauder  
  153  19:34  Marauder x3  
  153  19:36  Marine, Command Center  
  153  19:37  Marine x4  
  131  19:54  Marine x2  
  131  19:55  Marine, Marauder x4  
  131  19:56  Widow Mine x2  
  131  19:58  Marine x2  
  148  20:02  Missile Turret  
  148  20:10  Command Center  
  148  20:12  Marine x2  
  148  20:13  Marine  
  151  20:15  Marine  
  151  20:16  Marine, Marauder x2  
  151  20:17  Marauder x2  
  161  20:25  Widow Mine  
  163  20:30  Marine x2  
  163  20:31  Marine  
  165  20:38  Marauder x4  
  172  20:45  Widow Mine  
  174  20:53  Widow Mine  
  176  20:59  Marauder x4  
  184  21:14  Widow Mine  
  186  21:20  Marauder  
  186  21:21  Marauder x3  
  186  21:22  Widow Mine  
  192  21:42  Marine x5  
  192  21:43  Marine x2  
  193  21:56  Planetary Fortress  
  193  21:59  Missile Turret  
  185  22:05  Missile Turret  
  185  22:13  Refinery x2  
  185  22:15  Terran Vehicle Weapons Level 1  
  185  22:18  Barracks Tech Lab  
  185  22:19  Starport Tech Lab  
  184  22:40  Marine x4  
  188  22:47  Marine x2  
  188  22:48  Marauder x3  
  188  22:50  Medivac x2  
Show
View Real Time Build Order
Export as new Build Order

WillyG Protoss 

Build Orders: 1 Gate Expand, Oracle Opening 

Get SALT Encoding   

  12  0:02  Probe (Chrono Boost)  
  13  0:16  Probe (Chrono Boost)  
  14  0:32  Probe (Chrono Boost)  
  15  0:36  Pylon  
  15  0:54  Probe (Chrono Boost)  
  16  0:59  Gateway  
  16  1:04  Probe (Chrono Boost)  
  17  1:15  Probe (Chrono Boost)  
  17  1:18  Assimilator  
  19  1:25  Probe (Chrono Boost)  
  19  1:27  Nexus  
  19  1:46  Pylon  
  19  1:50  Cybernetics Core  
  19  1:53  Assimilator  
  19  1:55  Probe (Chrono Boost)  
  20  2:18  Probe (Chrono Boost)  
  21  2:25  Pylon  
  21  2:31  Probe (Chrono Boost)  
  24  2:42  Stargate  
  24  2:44  Probe x2 (Chrono Boost)  
  24  3:05  Stargate  
  24  3:06  Probe x2 (Chrono Boost)  
  26  3:21  Probe (Chrono Boost)  
  26  3:22  Assimilator, Probe (Chrono Boost)  
  26  3:26  Pylon, Assimilator  
  28  3:30  Pylon  
  28  3:31  Oracle (Chrono Boost)  
  30  3:38  Forge, Probe  
  31  3:43  Mothership Core  
  33  4:03  Probe (Chrono Boost)  
  33  4:09  Void Ray (Chrono Boost)  
  38  4:13  Probe (Chrono Boost)  
  38  4:14  Probe (Chrono Boost)  
  40  4:24  Void Ray  
  44  4:27  Probe (Chrono Boost)  
  44  4:30  Probe (Chrono Boost)  
  46  4:38  Probe (Chrono Boost)  
  47  4:41  Probe (Chrono Boost)  
  48  4:48  Probe (Chrono Boost)  
  48  4:51  Probe (Chrono Boost)  
  50  5:03  Probe x2 (Chrono Boost)  
  50  5:05  Stargate  
  52  5:07  Stargate  
  52  5:30  Void Ray  
  56  5:41  Void Ray, Nexus  
  60  5:46  Probe (Chrono Boost)  
  60  5:47  Probe (Chrono Boost)  
  62  5:52  Protoss Air Weapons Level 1  
  62  5:57  Cybernetics Core  
  62  6:19  Void Ray  
  66  6:27  Probe (Chrono Boost)  
  66  6:28  Probe (Chrono Boost)  
  68  6:37  Fleet Beacon  
  68  6:48  Probe x2 (Chrono Boost)  
  68  6:52  Void Ray  
  68  6:54  Void Ray x2  
  82  7:09  Probe x3 (Chrono Boost)  
  82  7:12  Stargate  
  85  7:20  Pylon  
  85  7:21  Protoss Air Armor Level 1  
  85  7:37  Void Ray  
  85  7:39  Pylon  
  85  7:40  Assimilator  
  85  7:43  Pylon  
  85  7:44  Assimilator  
  89  7:47  Pylon  
  89  7:55  Graviton Catapult  
  89  7:57  Carrier  
  95  8:06  Probe (Chrono Boost)  
  95  8:07  Probe x2 (Chrono Boost)  
  104  8:50  Carrier  
  104  8:51  Carrier  
  112  9:38  Carrier  
  114  10:23  Protoss Air Weapons Level 2  
  114  10:27  Pylon  
  114  10:29  Pylon  
  114  10:31  Pylon  
  114  10:32  Pylon  
  114  10:45  Carrier  
  114  10:47  Carrier x2  
  114  10:48  Carrier  
  97  11:40  Carrier  
  97  11:46  Mothership Core (Chrono Boost)  
  105  11:57  Protoss Air Armor Level 2, Stargate  
  105  11:58  Stargate  
  105  12:23  Oracle  
  105  12:24  Carrier x2  
  105  12:25  Carrier  
  126  12:41  Carrier x2  
  138  12:48  Pylon  
  138  12:50  Pylon  
  138  12:51  Pylon  
  138  12:53  Nexus  
  138  13:00  Assimilator  
  138  13:02  Assimilator  
  138  13:05  Pylon  
  141  13:07  Carrier  
  141  13:08  Pylon, Carrier  
  129  14:01  Carrier x2  
  129  14:02  Carrier  
  147  14:05  Mothership Core (Chrono Boost)  
  137  14:37  Carrier  
  137  14:38  Carrier  
  141  15:21  Carrier  
  141  15:22  Carrier  
  141  15:27  Probe (Chrono Boost)  
  141  15:28  Probe x3 (Chrono Boost)  
  157  15:53  Mothership Core (Chrono Boost)  
  117  16:42  Carrier x2  
  129  17:12  Probe x4 (Chrono Boost)  
  133  17:42  Carrier  
  133  17:43  Carrier  
  107  18:33  Carrier x2  
  119  19:01  Carrier  
  123  20:01  Carrier x2  
  135  20:21  Carrier  
  141  20:46  Carrier x4  
  135  22:05  Nexus  
Show
View Real Time Build Order
Export as new Build Order

iggie Terran 

Build Orders: Reaper Expand 

Get SALT Encoding   

  12  0:01  SCV  
  13  0:13  SCV  
  14  0:25  SCV  
  15  0:30  Supply Depot  
  15  0:36  Refinery  
  15  0:51  SCV  
  15  0:53  Barracks  
  16  1:03  SCV  
  17  1:15  SCV  
  18  1:28  SCV  
  19  1:41  Supply Depot  
  19  1:44  Reaper  
  19  1:45  Command Center  
  20  1:56  Orbital Command  
  20  2:14  Refinery  
  20  2:16  Reaper  
  20  2:19  Factory  
  21  2:26  SCV  
  22  2:41  SCV  
  23  2:51  Barracks  
  23  2:53  SCV  
  23  2:57  Factory  
  24  3:05  SCV, Orbital Command  
  25  3:11  Widow Mine  
  27  3:26  SCV  
  28  3:31  Refinery  
  28  3:33  Refinery  
  28  3:39  SCV  
  29  3:44  Starport  
  28  4:09  Factory Reactor, Engineering Bay  
  28  4:10  Factory Tech Lab  
  28  4:11  Marine x2  
  30  4:21  SCV  
  30  4:22  SCV  
  32  4:29  Marine x2  
  34  4:31  Viking  
  34  4:33  SCV  
  34  4:34  SCV  
  34  4:35  Siege Tank  
  41  4:45  SCV  
  41  4:46  Widow Mine x2  
  41  4:47  Barracks  
  41  4:49  Terran Infantry Weapons Level 1  
  46  4:53  Missile Turret  
  46  5:04  Supply Depot  
  46  5:09  SCV  
  46  5:10  SCV  
  41  5:23  SCV  
  41  5:24  SCV  
  43  5:33  Viking  
  45  5:36  SCV x2  
  47  5:48  SCV x2  
  49  5:55  Marine x2  
  49  5:56  Siege Tank  
  54  6:04  Supply Depot x2  
  54  6:06  Missile Turret  
  54  6:08  Missile Turret  
  54  6:13  Barracks Tech Lab  
  54  6:15  Barracks Tech Lab  
  54  6:23  Barracks Reactor  
  54  6:25  Widow Mine x2  
  54  6:26  SCV x2  
  54  6:28  Siege Tank  
  63  6:38  SCV x2  
  65  6:43  Terran Infantry Armor Level 1  
  65  6:50  Missile Turret  
  65  6:51  Starport Reactor  
  65  6:54  Marine, Command Center  
  66  7:12  Marine  
  67  7:18  SCV x2  
  69  7:24  Marine  
  70  7:33  Supply Depot  
  70  7:34  Supply Depot  
  70  7:46  Supply Depot  
  70  7:54  Medivac x2, Marine x3  
  70  7:55  Widow Mine x3, SCV x2  
  85  8:08  Supply Depot  
  87  8:13  Marauder  
  87  8:16  Marine x2  
  87  8:19  Stimpack  
  89  8:20  Combat Shields  
  89  8:21  Liberator  
  89  8:27  Armory  
  89  8:31  Starport  
  89  8:34  Marine, Marauder  
  91  8:38  Viking  
  99  8:55  Marauder  
  99  9:01  Orbital Command  
  99  9:08  Viking  
  103  9:17  Marauder  
  103  9:20  Refinery  
  103  9:21  Refinery  
  103  9:55  Marine x2  
  103  9:56  Widow Mine x2, Siege Tank, Marauder  
  103  9:58  Viking  
  116  10:13  Marine  
  117  10:25  Supply Depot  
  117  10:26  Supply Depot  
  117  10:29  Liberator  
  117  10:39  Drilling Claws  
  117  10:41  Concussive Shells  
  117  10:44  Terran Vehicle Weapons Level 1  
  117  10:46  Viking, Siege Tank  
  117  10:47  SCV  
  117  10:48  Supply Depot, Engineering Bay, SCV x2, Marauder  
  117  10:49  Starport Reactor  
  130  10:59  Liberator  
  130  11:00  SCV  
  134  11:44  Marine  
  134  11:45  Marine, Marauder x2  
  130  12:02  Marine x2  
  132  12:21  Widow Mine x3  
  138  12:25  Viking  
  138  12:26  Marine  
  138  12:29  Supply Depot  
  141  12:34  Liberator  
  141  12:38  Terran Ship Weapons Level 1  
  141  12:50  Widow Mine  
  149  12:51  SCV, Marauder  
  149  12:52  Supply Depot  
  149  12:54  Supply Depot  
  149  12:58  Supply Depot  
  149  13:02  Liberator  
  149  13:13  Viking x2, Widow Mine x2  
  149  13:16  Marine x2, Marauder x2  
  166  13:26  Liberator  
  166  13:32  Command Center  
  166  13:34  Marine  
  151  14:28  Liberator x2  
  142  14:45  Viking x2  
  135  14:58  Liberator  
  135  15:11  Liberator  
  135  15:15  Viking  
  140  15:28  Viking  
  141  15:34  Starport  
  135  15:40  Liberator  
  135  15:45  Viking  
  136  15:53  Liberator  
  136  15:58  Viking  
  141  16:11  Liberator  
  144  16:15  Viking  
  125  16:37  Liberator  
  116  16:40  Viking  
  118  16:53  Liberator  
  118  16:54  Viking  
  123  17:00  Marine x2  
  123  17:01  Marauder x2  
  129  17:10  Viking  
  134  17:18  Marine x2  
  134  17:19  Liberator  
  134  17:22  Marauder x2  
  140  17:24  Viking  
  142  17:36  Liberator, Marine x2  
  147  17:40  Viking  
  147  17:44  Marauder x2  
  153  17:54  Viking, Marine x2  
  152  18:02  Liberator  
  152  18:05  Marauder x2  
  156  18:10  Viking  
  158  18:19  Liberator  
  161  18:24  Viking  
  161  18:26  Marine, Marauder  
  163  19:07  Liberator  
  163  19:24  Viking x3  
  165  19:28  SCV  
  173  19:36  Liberator  
  173  19:37  Liberator  
  173  19:40  SCV  
  167  19:52  SCV  
  163  19:54  Viking  
  171  20:04  SCV  
  171  20:07  Liberator, Viking  
  150  21:08  Liberator x2  
  128  21:25  Viking x2  
  138  21:38  Liberator  
  132  21:51  Liberator  
  128  21:55  Viking  
  129  22:06  Starport Reactor  
  129  22:08  Viking  
  129  22:11  Terran Vehicle Weapons Level 2  
  134  22:20  Armory  
  134  22:21  Liberator  
  134  22:25  Viking  
  136  22:34  Liberator  
  136  22:38  Viking  
  135  22:51  Liberator  
  135  22:55  Viking  
  143  23:13  SCV  
  93  23:42  Refinery  
  93  23:43  Refinery  
  91  23:56  Viking  
  91  23:57  Viking x3  
  105  24:06  Marine  
  105  24:07  Marine x3  
Tags
 
Add a new tag
Caveats
  • Supply blocks, unpowered buildings, or Contaminate may cause inaccurate times.
  • Supply counts are checked every 10 seconds.